cohdb
Replays
Latest Replays
All Replays
Popular Replays
Top Player Replays
Match Explorer
How It Works
Community
CoH3 Stats
Reddit
Sign in to upload your games and track your stats! →
Sign in with Steam
Match 43102063
Unlisted
Match 43102063
Overview
Messages
Build Orders
End
Engineer Squad
Construct Barracks
Selects Airborne Battlegroup
Selects Heavy Machine Gun Paradrop
Riflemen Squad
Heavy Machine Gun Paradrop
Construct Weapon Support Center
Bazooka Squad
Selects Paratrooper Squad Paradrop
Paratrooper Squad Paradrop
Construct Medical Station
Infantry Support Center
Paratrooper Squad Paradrop
Construct Tank Depot
Selects Anti-tank Gun Team Paradrop
Selects Recon Loiter
M4A1 Sherman Medium Tank
Longbowmen80
Fungers 🌹
The sexy Ginger
Some_Devil
elevate
shootinputin
Dark Angels
Goonsader
0
0
Comments
sign in to comment!
No comments posted yet!